 Dungeon Crawl Stone Soup version 0.29-a0-330-g52719c12eb (webtiles) character file.

Game seed: 12463240668364129236

6314 kae the Zephyrmancer (level 10, -2/81 HPs)
             Began as an Ogre Air Elementalist on Apr 13, 2022.
             Was an Initiate of Gozag.
             Killed by their own static electricity (4 damage)
             ... on level 10 of the Dungeon.
             The game lasted 00:11:02 (13251 turns).

kae the Zephyrmancer (Ogre Air Elementalist)       Turns: 13251, Time: 00:11:02

Health: -2/81      AC:  4    Str: 14    XL:     10   Next: 95%
Magic:  24/32      EV:  9    Int: 20    God:    Gozag
Gold:   1426       SH:  0    Dex:  9    Spells: 15/27 levels left

rFire   . . .      SeeInvis +   i - +3 dagger (speed)
rCold   . . .      Faith    .   (no shield)
rNeg    . . .      Spirit   .   a - +1 robe
rPois   .          Reflect  .   (helmet restricted)
rElec   .          Harm     .   (no cloak)
rCorr   .          Rampage  .   (gloves unavailable)
Will    +....                   (boots unavailable)
Stlth   +.........              l - amulet of magic regeneration
HPRegen 0.23/turn               k - ring of magical power
MPRegen 0.63/turn               e - ring of see invisible

@: gold aura
A: large, unfitting armour, tough skin 1, mutation resistance 1
a: Renounce Religion, Potion Petition, Call Merchant, Bribe Branch


You were on level 10 of the Dungeon.
You worshipped Gozag.
Gozag was most pleased with you.
You visited 2 branches of the dungeon, and saw 11 of its levels.
You also visited: Sewer.

You collected 1492 gold pieces.
You paid 66 gold pieces to Gozag.

Inventory:

Hand Weapons
 i - a +3 dagger of speed (weapon)
Armour
 a - a +1 robe (worn)
Jewellery
 e - a ring of see invisible (right hand)
 f - an amulet of reflection
 k - a ring of magical power (left hand)
 l - an amulet of magic regeneration (around neck)
 w - a ring of protection from fire
 x - a ring of wizardry
Wands
 n - a wand of mindburst (20)
 t - a wand of polymorph (8)
 A - a wand of iceblast (1)
 B - a wand of digging (6)
Scrolls
 d - 4 scrolls of fog
 h - 2 scrolls of magic mapping
 q - 3 scrolls of teleportation
 r - 4 scrolls of identify
 s - a scroll of silence
 v - 2 scrolls of blinking
 y - 2 scrolls of amnesia
Potions
 b - a potion of magic
 c - 2 potions of haste
 g - 4 potions of might
 j - 2 potions of attraction
 m - 4 potions of heal wounds
 o - a potion of flight
 p - 6 potions of curing
 u - 2 potions of cancellation
 z - 2 potions of brilliance


   Skills:
 - Level 1.7 Dodging
 - Level 1.4 Stealth
 + Level 9.3 Spellcasting
 + Level 7.4 Conjurations
 * Level 10.9 Air Magic


You had 15 spell levels left.
You knew the following spells:

 Your Spells              Type           Power      Damage    Failure   Level
a - Shock                 Conj/Air       100%       1d9       1%          1
b - Static Discharge      Conj/Air       46%        N/A       1%          2
c - Swiftness             Air            52%        N/A       1%          3
d - Airstrike             Air            26%        N/A       1%          4
e - Blink                 Tloc           18%        N/A       12%         2

Your spell library contained the following spells:

 Spells                   Type           Power      Damage    Failure   Level
 Magic Dart               Conj           100%       1d8       1%          1
 Mephitic Cloud           Conj/Pois/Air  33%        N/A       1%          3
 Animate Skeleton         Necr           18%        N/A       8%          1
 Pain                     Necr           36%        1d5       8%          1
 Call Imp                 Summ           9%         N/A       12%         2
 Ensorcelled Hibernation  Hex/Ice        18%        N/A       12%         2
 Passwall                 Tmut/Erth      7%         N/A       12%         2
 Sticky Flame             Conj/Fire      24%        2d5       16%         4
 Lesser Beckoning         Tloc           9%         N/A       22%         3
 Spider Form              Tmut/Pois      9%         N/A       22%         3
 Vampiric Draining        Necr           9%         2d6       22%         3
 Anguish                  Hex/Necr       4%         N/A       58%         4
 Dispel Undead            Necr           9%         3d8       58%         4
 Leda's Liquefaction      Hex/Erth       4%         N/A       58%         4
 Lee's Rapid Deconstruct  Erth           4%         3d6*      91%         5
 Manifold Assault         Tloc           9%         N/A       91%         5
 Statue Form              Tmut/Erth      6%         N/A       100%        6


Dungeon Overview and Level Annotations

Branches:
Dungeon (10/15)            Temple (1/1) D:4           Sewer (visited)
   Lair: D:8-11         Orc: D:9-12

Altars:
Ashenzari
Cheibriados
Dithmenos
Elyvilon
Fedhas
Gozag
Hepliaklqana
Kikubaaqudgha
Makhleb
Nemelex Xobeh
Okawaru
Qazlal
Ru
Sif Muna
Trog
Uskayaw
Vehumet
Wu Jian
Xom
Yredelemnul
The Shining One

Annotations:
D:3 Ijyb
D:6 2 runed translucent doors
D:9 3 runed translucent doors, jt's ghost, novice DDDe
D:10 2 transporters, kae's ghost, journeyman TeFE


Innate Abilities, Weirdness & Mutations

You are too large for most types of armour.
You have tough skin. (AC +1)
You are somewhat resistant to further mutation.


Message History

The air twists around and strikes the orc warrior!
The orc warrior is no longer distracted by gold.
The orc warrior is moderately wounded.
The orc warrior hits you with a +0 long sword!
Casting: Airstrike (mildly dangerous; 1% risk of failure)
Confirm with . or Enter, or press ? or * to list all spells.
The orc warrior is struck by an arc of lightning!
The orc warrior is severely wounded.
You are struck by an arc of lightning.
The lightning grounds out.
The orc warrior barely misses you.
The yak is distracted by your dazzling golden aura.
The orc warrior hits you with a +0 long sword.
Casting: Static Discharge (safe; 1% risk of failure)
Confirm with . or Enter, or press ? or * to list all spells.
The orc warrior is struck by an arc of lightning!
You kill the orc warrior!
You are struck by an arc of lightning.
The yak bellows!
You hear a shout!
The yak gores you!
* * * LOW HITPOINT WARNING * * *
Casting: Static Discharge (safe; 1% risk of failure)
Confirm with . or Enter, or press ? or * to list all spells.
The yak is struck by an arc of lightning.
The yak is lightly wounded.
The orc is struck by an arc of lightning!
You kill the orc!
The lightning grounds out.
The yak is no longer distracted by gold.
The yak gores you!
* * * LOW HITPOINT WARNING * * *
The orc priest is distracted by your dazzling golden aura.
The yak gores you!
* * * LOW HITPOINT WARNING * * *
Casting: Static Discharge (safe; 1% risk of failure)
Confirm with . or Enter, or press ? or * to list all spells.
The yak is struck by an arc of lightning!
The yak is moderately wounded.
You are struck by an arc of lightning.
You die...
Your body crumbles into a pile of gold.

####### ## ########### #...... .#
#.@YY.....# #.##... .#
#.###+###o###'###.. .#
#.#..#.....o.#..#.. .#
##.#..#.......#..#.. .#
#..+..+###'###YY.+..
.#############..#..#.'...+.#..#..
................#..#.#...#.#..#..
................'##'.#._.#.'##'..
......###########..#.#...#.#..#..


You could see 2 yaks and an orc priest (unaware).

Vanquished Creatures
  2 two-headed ogres (D:9)
  Pikel (D:5)
  Prince Ribbit (D:7)
  A wraith (D:10)
  Eustachio (D:6)
  3 yaks (D:9)
  Edmund (D:6)
  3 water moccasins
  4 orc warriors
  A sky beast (D:6)
  2 ogres
  A black bear (D:6)
  2 ice beasts (D:8)
  2 centaurs
  4 lemures
  A kobold brigand (D:8)
  4 bullfrogs
  10 killer bees
  5 howler monkeys
  A gnoll shaman (D:9)
  3 hounds
  2 jellies
  6 orc priests
  12 orc wizards
  2 iguanas
  5 hell rats (D:7)
  Robin (D:3)
  3 gnolls (D:9)
  9 adders
  19 river rats
  An ufetubus (D:6)
  6 dart slugs
  51 orcs
  3 bats
  7 endoplasms
  7 giant cockroaches
  14 goblins
  8 hobgoblins
  7 jackals
  17 kobolds
  2 quokkas
  16 ball pythons
  4 frilled lizards
  4 rats
259 creatures vanquished.

Vanquished Creatures (others)
  2 fungi (D:5)
2 creatures vanquished.

Grand Total: 261 creatures vanquished

Notes
Turn   | Place    | Note
-------+----------+-------------------------------------------
     0 | D:1      | kae the Ogre Air Elementalist began the quest for the Orb.
     0 | D:1      | Reached XP level 1. HP: 16/16 MP: 3/3
    85 | D:1      | Reached skill level 1 in Conjurations
   302 | D:1      | Reached skill level 3 in Air Magic
   302 | D:1      | Reached XP level 2. HP: 24/24 MP: 0/5
   729 | D:1      | Found a faded altar of an unknown god.
  1196 | D:1      | Reached XP level 3. HP: 31/31 MP: 7/7
  1199 | D:1      | Learned a level 2 spell: Static Discharge
  1203 | D:1      | Learned a level 3 spell: Swiftness
  1784 | D:2      | Found an iron altar of Okawaru.
  2428 | D:2      | Reached XP level 4. HP: 24/39 MP: 8/8
  2699 | D:3      | Found a sparkling altar of Nemelex Xobeh.
  3091 | D:3      | Noticed Robin
  3092 | D:3      | Noticed Ijyb
  3252 | D:3      | Reached skill level 4 in Air Magic
  3325 | D:2      | Reached XP level 5. HP: 34/45 MP: 10/10
  3569 | D:3      | Killed Robin
  3753 | D:3      | Found a blossoming altar of Fedhas.
  3893 | D:4      | Found an opulent altar of Gozag.
  3969 | D:4      | Found a glowing drain.
  4069 | Sewer    | Entered a sewer
  4137 | Sewer    | Noticed a water moccasin
  4148 | Sewer    | Killed a water moccasin
  4148 | Sewer    | HP: 2/45 [poisoned by a water moccasin]
  4149 | Sewer    | Reached XP level 6. HP: 2/53 MP: 10/12
  4587 | D:4      | Reached skill level 5 in Air Magic
  5220 | D:4      | Found a stormy altar of Qazlal.
  5345 | D:4      | Found a staircase to the Ecumenical Temple.
  5352 | D:4      | Noticed Blork the orc
  5372 | D:4      | Gained mutation: You are somewhat resistant to further
                  | mutation. [potion of mutation]
  5698 | D:4      | Reached XP level 7. HP: 34/59 MP: 13/13
  5885 | D:4      | Noticed Blork
  5885 | D:4      | Blork the orc changed into Blork the killer bee
  5891 | D:4      | Killed Blork the killer bee
  5991 | Temple   | Entered the Ecumenical Temple
  6184 | D:4      | Became a worshipper of Gozag Ym Sagoz the Greedy
  6209 | D:5      | Entered Level 5 of the Dungeon
  6268 | D:5      | Learned a level 4 spell: Airstrike
  6715 | D:5      | Noticed Pikel
  6815 | D:5      | Killed Pikel
  6816 | D:5      | Reached skill level 5 in Spellcasting
  6816 | D:5      | Reached skill level 6 in Air Magic
  6816 | D:5      | Reached XP level 8. HP: 20/67 MP: 9/16
  7062 | D:5      | You fall into a shaft and drop 1 floor!
  7226 | D:6      | Noticed Edmund
  7237 | D:6      | Killed Edmund
  7508 | D:6      | Found a burning altar of Makhleb.
  7545 | D:6      | Reached skill level 7 in Air Magic
  7838 | D:6      | Found a runed translucent door.
  7846 | D:6      | Found a runed translucent door.
  7909 | D:6      | Noticed Eustachio
  7913 | D:6      | Killed Eustachio
  8322 | D:7      | Reached skill level 5 in Conjurations
  8337 | D:7      | Reached XP level 9. HP: 24/74 MP: 18/18
  8638 | D:7      | Reached skill level 8 in Air Magic
  9306 | D:7      | Noticed Prince Ribbit
  9309 | D:7      | Killed Prince Ribbit
  9898 | D:7      | Found the +2 ratskin cloak {*Rats rPois rN+ Str-1 Int-1
                  | Dex+1}
 10007 | D:7      | Reached skill level 9 in Air Magic
 10980 | D:8      | Reached XP level 10. HP: 54/81 MP: 21/21
 11842 | D:9      | Reached skill level 10 in Air Magic
 11842 | D:9      | Noticed a two-headed ogre
 11997 | D:9      | Found a runed translucent gate.
 11997 | D:9      | Found a runed translucent gate.
 11997 | D:9      | Found a runed translucent gate.
 12342 | D:9      | Noticed a two-headed ogre
 12403 | D:9      | Killed a two-headed ogre
 12482 | D:9      | Killed a two-headed ogre
 12792 | D:9      | Noticed jt's ghost (novice DDDe)
 12886 | D:9      | Learned a level 2 spell: Blink
 12892 | D:10     | Entered Level 10 of the Dungeon
 12892 | D:10     | Found a transporter.
 13032 | D:10     | Found a hide-covered altar of Uskayaw.
 13088 | D:10     | Found a transporter.
 13100 | D:10     | Noticed kae's ghost (journeyman TeFE)
 13151 | D:10     | Found a shadowy altar of Dithmenos.
 13250 | D:10     | HP: 2/81 [yak (13)]
 13251 | D:10     | Killed from afar by themself

Illustrated notes

Levels and vault maps discovered:
D:1:      wheals_arrival_shading, layout_loops_cross,
          hellmonk_ecumenical_altar_lost_god
D:2:      layout_loops_ring, basic_altar, minmay_small_reverse_x
D:3:      layout_basic, nemelex_diamond_rough_becter, fedhas_altar_fruit_tree,
          uniq_robin, uniq_ijyb
D:4:      layout_basic, mainiacjoe_overflow_alcove_2,
          mainiacjoe_overflow_concentric_impassable, temple_statues,
          portal_sewer_entry_e, dreamdust_princess_bridge, uniq_blork_the_orc
D:5:      layout_cave_pools, hex_medium, uniq_crazy_yiuf_cottage, uniq_pikel
D:6:      lemuel_insect_pit, layout_basic, mainiacjoe_overflow_six_doors_small,
          uniq_eustachio, uniq_edmund
D:7:      wander_guarded_unrand_ratskin, layout_gridville, patterned_corridor,
          uniq_prince_ribbit1
D:8:      layout_basic, minmay_misc_feat_diagonals, minmay_unpleasant_kobolds
D:9:      layout_small_grid, gammafunk_ghost_spectres
D:10:     layout_irregular_city, zin_angel, general_overflow_altar,
          mainiacjoe_overflow_24_doors, hiddenorc1_lemuel,
          gammafunk_ghost_berserking_beasts, enter_trove_6, uniq_snorg
Temple:   jpeg_temple_clearing

Skill      XL: |  1  2  3  4  5  6  7  8  9 10 |
---------------+-------------------------------+-----
Conjurations   | 1 2 3 4 5 6 7 |  7.4
Air Magic      | 3 4 5 6 7 9 10 | 10.9
Spellcasting   | 3 4 5 6 7 9 |  9.3
Dodging        | |  1.7
Stealth        | |  1.4

Action                   |  1- 3 |  4- 6 |  7- 9 | 10-12 || total
-------------------------+-------+-------+-------+-------++-------
Melee: Unarmed           |    36 |     1 |       |       ||    37
       Punch             |     1 |       |     1 |       ||     2
       Dagger            |       |    35 |    45 |    25 ||   105
 Cast: Shock             |    92 |    84 |    88 |    18 ||   282
       Static Discharge  |       |    44 |    58 |    20 ||   122
       Airstrike         |       |       |    77 |    70 ||   147
       Swiftness         |       |       |       |     1 ||     1
Evoke: Wand              |       |       |     1 |       ||     1
  Use: Scroll            |    17 |     3 |     9 |       ||    29
       Potion            |     1 |     3 |     2 |       ||     6
Armor: Robe              |    15 |    43 |    29 |    11 ||    98
       Skin              |       |     2 |     5 |       ||     7
Dodge: Dodged            |    34 |    51 |    53 |    18 ||   156

Table legend: (Time is in decaauts)
 A = Elapsed time spent in this place.
 B = Non-inter-level travel time spent in this place.
 C = Inter-level travel time spent in this place.
 D = Time resting spent in this place.
 E = Time spent auto-exploring this place.
 F = Levels seen in this place.
 G = Mean time per level.
                   A        B        C        D        E       F      G
               +--------+--------+--------+--------+--------+-----+--------+
         Total |  13235 |  12779 |    456 |   2780 |   8301 |  12 | 1102.9 |
       Dungeon |  12709 |  12266 |    443 |   2543 |   8126 |  10 | 1270.9 |
        Temple |    107 |     94 |     13 |      0 |     82 |   1 |  107.0 |
         Sewer |    418 |    418 |      0 |    237 |     93 |   1 |  418.0 |
               +--------+--------+--------+--------+--------+-----+--------+

Top non-repeatable levels by time:
     D:7: 2312 daAuts
     D:4: 1868 daAuts
     D:2: 1550 daAuts
     D:1: 1313 daAuts
     D:6: 1249 daAuts
     D:9: 1209 daAuts
     D:8: 1038 daAuts
     D:3: 1003 daAuts
     D:5: 808 daAuts
   Sewer: 418 daAuts
    D:10: 354 daAuts
  Temple: 107 daAuts
